 Dungeon Crawl Stone Soup version 0.27-a0-412-g8dd771eca2 (webtiles) character file.

Game seed: 13582370826853802981

57 Morbidden the Sneak (level 3, -1/28 HPs)
             Began as a Demonspawn Brigand on Feb 24, 2021.
             Killed by divine providence
             ... invoked by an orc priest
              (9 damage)
             ... on level 2 of the Dungeon.
             The game lasted 00:02:01 (1615 turns).

Morbidden the Sneak (Demonspawn Brigand)            Turns: 1615, Time: 00:02:01

Health: -1/28      AC:  5    Str: 11    XL:     3   Next: 73%
Magic:  3/3        EV: 12    Int: 13    God:
Gold:   60         SH:  0    Dex: 14    Spells: 2/2 levels left

rFire    . . .     SeeInvis .   i - +1 dagger (venom)
rCold    . . .     Faith    .   (no shield)
rNeg     . . .     Spirit   .   b - +0 robe
rPois    .         Reflect  .   (no helmet)
rElec    .         Harm     .   c - +0 cloak
rCorr    .         Rampage  .   (no gloves)
Will     .....                  j - +1 pair of boots
Stlth    +++.......             (no amulet)
HPRegen  0.09/turn              (no ring)
MPRegen  0.08/turn              (no ring)

@: no status effects
A: powered by pain 1
a: no special abilities


You were on level 2 of the Dungeon.
You visited 1 branch of the dungeon, and saw 2 of its levels.

You collected 60 gold pieces.

Inventory:

Hand Weapons
 i - a +1 dagger of venom (weapon)
Missiles
 d - a poisoned dart (quivered)
 e - 2 curare-tipped darts
Armour
 b - a +0 robe (worn)
 c - a +0 cloak (worn)
 j - a +1 pair of boots (worn)
Scrolls
 a - a scroll of teleportation
 g - a scroll of amnesia {unknown}
 h - a scroll of magic mapping {unknown}
 k - a scroll of fear {unknown}
 n - a scroll of identify {unknown}
Potions
 f - a potion of mutation {unknown}
 l - a potion of heal wounds {unknown}
 m - a potion of curing {unknown}
 o - a potion of lignification {unknown}


   Skills:
 * Level 2.4 Fighting
 + Level 2.0 Short Blades
 + Level 1.8 Throwing
 * Level 1.4 Dodging
 + Level 4.5 Stealth


You had 2 spell levels left.
You didn't know any spells.
Your spell library was empty.

Dungeon Overview and Level Annotations

Branches:
Dungeon (2/15)

Altars:
Kikubaaqudgha


Innate Abilities, Weirdness & Mutations

You sometimes gain a little power by taking damage.


Message History

Aim: an orc warrior, wielding a +0 broad axe and wearing a +0 plate armour (lightly wounded, poisoned, 59% to hit)
You throw a poisoned dart.
The poisoned dart barely misses the orc warrior.
Unknown command.
Throw: 5 darts (poison)
Press: ? - help, Q - select action, (/) - cycle Shift-Dir - straight line, f/p - orc warrior
Aim: an orc warrior, wielding a +0 broad axe and wearing a +0 plate armour (moderately wounded, poisoned, 59% to hit)
You throw a poisoned dart. The poisoned dart hits the orc warrior.
The orc warrior looks even sicker.
The orc warrior is moderately wounded.
Unknown command.
Throw: 4 darts (poison)
Press: ? - help, Q - select action, (/) - cycle Shift-Dir - straight line, f/p - orc warrior
Aim: an orc warrior, wielding a +0 broad axe and wearing a +0 plate armour (moderately wounded, very poisoned, 59% to hit)
You throw a poisoned dart.
The poisoned dart completely misses the orc warrior.
Throw: 3 darts (poison)
Press: ? - help, Q - select action, (/) - cycle Shift-Dir - straight line, f/p - orc warrior
Aim: an orc warrior, wielding a +0 broad axe and wearing a +0 plate armour (moderately wounded, very poisoned, 59% to hit)
You throw a poisoned dart.
The poisoned dart closely misses the orc warrior.
Throw: 2 darts (poison)
Press: ? - help, Q - select action, (/) - cycle Shift-Dir - straight line, f/p - orc warrior
Aim: an orc warrior, wielding a +0 broad axe and wearing a +0 plate armour (moderately wounded, poisoned, 59% to hit)
You throw a poisoned dart. The poisoned dart hits the orc warrior.
The orc warrior is moderately wounded.
You completely miss the orc warrior.
The orc warrior is moderately wounded.
The orc warrior hits you with a +0 broad axe!!
Ouch! That really hurt!
* * * LOW HITPOINT WARNING * * *
The orc priest looks braver for a moment.
Unknown command.
You closely miss the orc warrior.
The orc warrior is moderately wounded.
The orc warrior closely misses you.
Unknown command.
The orc priest invokes the aid of Beogh against you.
Beogh smites you!
You die...

#...####.....
####............
.......##....#
............# #.....##...#
#..........##
####......###..###.#
###.............>....#
...<[....###.###@#####
...).#.#............#
.........##..###..o.#
.###........####.##.#
..................#o####
##................#....##
...†.#...####.....[.....##
...................(.....#
...).########....o.......#


You could see an orc warrior (poisoned) and an orc priest.

Vanquished Creatures
  A gnoll (D:1)
  An adder (D:2)
  A worm (D:2)
  3 leopard geckos
  2 orcs (D:2)
  4 goblins (D:1)
  5 hobgoblins
  3 bats
  A frilled lizard (D:1)
  9 kobolds (D:1)
  A rat (D:1)
31 creatures vanquished.

Notes
Turn   | Place    | Note
-------+----------+-------------------------------------------
     0 | D:1      | Morbidden the Demonspawn Brigand began the quest for the
                  | Orb.
     0 | D:1      | Reached XP level 1. HP: 16/16 MP: 1/1
   248 | D:1      | Reached skill level 1 in Dodging
   248 | D:1      | Reached skill level 4 in Stealth
   469 | D:1      | Gained mutation: You sometimes gain a little power by
                  | taking damage. [demonic ancestry]
   469 | D:1      | Reached XP level 2. HP: 22/22 MP: 2/2
  1070 | D:1      | Reached XP level 3. HP: 27/27 MP: 3/3
  1136 | D:2      | Noticed an orc warrior
  1437 | D:2      | Found an ancient bone altar of Kikubaaqudgha.
  1615 | D:2      | Killed from afar by an orc priest

Illustrated notes

Levels and vault maps discovered:
D:1:      dpeg_arrival_simpleton_a, layout_loops_ring, minivault_11
D:2:      layout_rooms, old_standard_altar

Skill      XL: |  1  2  3 |
---------------+----------+-----
Dodging        | 1 |  1.4
Stealth        | 4 |  4.5
Short Blades   | 2 |  2.0
Fighting       | |  2.4
Throwing       | |  1.8

Action                   || total
-------------------------++-------
Melee: Dagger            ||    83
Throw: Dart              ||     7
  Use: Scroll            ||     1
 Stab: Sleeping          ||     7
Armor: Robe              ||    21
Dodge: Dodged            ||    39

Table legend: (Time is in decaauts)
 A = Elapsed time spent in this place.
 B = Non-inter-level travel time spent in this place.
 C = Inter-level travel time spent in this place.
 D = Time resting spent in this place.
 E = Time spent auto-exploring this place.
 F = Levels seen in this place.
 G = Mean time per level.
                   A        B        C        D        E       F      G
               +--------+--------+--------+--------+--------+-----+--------+
         Total |   1609 |   1513 |     96 |    113 |   1096 |   2 |  804.5 |
       Dungeon |   1609 |   1513 |     96 |    113 |   1096 |   2 |  804.5 |
               +--------+--------+--------+--------+--------+-----+--------+

Top non-repeatable levels by time:
     D:1: 1350 daAuts
     D:2: 259 daAuts
